 Dungeon Crawl Stone Soup version 0.22-a0-351-g29664b4 (webtiles) character file.

694 15 the Skirmisher (level 7, -1/61 HPs)
             Began as a Hill Orc Fighter on Apr 12, 2018.
             Was an Initiate of Beogh.
             Slain by a killer bee (5 damage)
             ... on level 4 of the Dungeon.
             The game lasted 00:18:09 (2357 turns).

15 the Skirmisher (Hill Orc Fighter)                Turns: 2357, Time: 00:18:09

Health: -1/61      AC:  6    Str: 24    XL:     7   Next: 64%
Magic:  9/9        EV: 10    Int:  8    God:    Beogh [......]
Gold:   131        SH: 10    Dex: 12    Spells: 8/8 levels left

rFire    + . .     SeeInvis .   j - +0 flail (venom)
rCold    . . .     Gourm    .   c - +0 shield
rNeg     . . .     Faith    .   B - +1 leather armour
rPois    .         Spirit   .   e - +1 helmet
rElec    .         Reflect  .   (no cloak)
rCorr    +         Harm     .   (no gloves)
MR       .....                  (no boots)
Stlth    ++........             (no amulet)
HPRegen  0.20/turn              D - ring of protection from fire
MPRegen  0.11/turn              u - ring of resist corrosion

@: mighty, lethally poisoned (-1 -> -5)
A: no striking features
a: Renounce Religion


You were on level 4 of the Dungeon.
You worshipped Beogh.
Beogh was noncommittal.
You were not hungry.

You visited 1 branch of the dungeon, and saw 4 of its levels.

You collected 131 gold pieces.

Inventory:

Hand Weapons
 a - a +0 war axe
 j - a +0 flail of venom (weapon)
 l - a +0 whip of flaming
 n - a +0 spear
 t - a +4 long sword
 A - a +0 hunting sling
 F - a +0 antimagic flail
Missiles
 g - 84 stones (quivered)
 i - 56 sling bullets
 m - 7 tomahawks
 o - 24 arrows
 r - 28 poisoned needles
Armour
 b - a +0 scale mail
 c - a +0 shield (worn)
 e - a +1 helmet (worn)
 B - a +1 leather armour (worn)
Jewellery
 h - an uncursed ring of protection from cold
 u - a ring of resist corrosion (right hand)
 D - a ring of protection from fire (left hand)
Wands
 v - a wand of acid (12)
 y - a wand of enslavement (17)
Scrolls
 E - a scroll of teleportation
Potions
 d - a potion of might
 k - a potion of flight {unknown}
 p - a potion of haste {unknown}
 w - a potion of cancellation {unknown}
 x - 4 potions of degeneration {unknown}
 z - a potion of magic {unknown}
 C - 2 potions of brilliance
Comestibles
 f - 6 rations


   Skills:
 * Level 5.1 Fighting
   Level 1.9 Short Blades
 + Level 2.9(3.5) Axes
 + Level 1.5(2.2) Maces & Flails
 + Level 1.7(2.3) Polearms
 * Level 4.4 Armour
 * Level 2.2 Dodging
 * Level 2.3 Stealth
 * Level 4.9 Shields
 * Level 1.4 Spellcasting


You had 8 spell levels left.
You didn't know any spells.

Dungeon Overview and Level Annotations

Branches:
Dungeon (4/15)             Temple (0/1) D:4

Altars:
Dithmenos
Makhleb
Qazlal
Wu Jian


Message History

You feel very mighty all of a sudden. You block the killer bee's attack.
The freed slave misses the orc wizard.
You block the killer bee's attack.
The ball python moves out of view.
You miss the killer bee. The killer bee closely misses you.
You block the killer bee's attack. The killer bee stings you.
* * * LOW HITPOINT WARNING * * *
You closely miss the killer bee. The killer bee stings you.
* * * LOW HITPOINT WARNING * * *
You are poisoned.
The killer bee poisons you! You block the killer bee's attack. x2
You closely miss the killer bee.
You feel sick.
The killer bee stings you but does no damage.
The killer bee stings you.
* * * LOW HITPOINT WARNING * * *
You miss the killer bee.
You feel sick. You block the killer bee's attack. The killer bee stings you.
* * * LOW HITPOINT WARNING * * *
The killer bee closely misses you.
You barely miss the killer bee. The killer bee stings you.
You die...

.....................,,,,,,,**,,,
##.########..........,,,,,,,***,,
.........##..####....,*###,,,,**,
##.......##..#,,##...**.%#,,*,,,,
.........##..#,,.##.#*...#,,*****
##.......##..##,,.*.#..)#*,,*
#.......##...##,'#.#'.#*,,,*
##.......##....###S..###..,,*
.#.......##.....@yo8......,,*
.#.......##....###l†.###.,,,*
.#.......##...##o'#.#'.#*,,,*
.#.......##..##..l*.#,..#*,,*
.....######..#..W#*.#*,,.*,,*
.....+.......#/.#*,..**,,*,,*
.....#####...####....,****,,*
.....# #............,,,,,,**
.....# #..#######.##*****,,* *


You could see an iguana, a killer bee, an orc wizard and a ball python.

Vanquished Creatures
  Pikel (D:4)
  A hound (D:4)
  An orc wizard (D:4)
  An iguana (D:4)
  A worker ant (D:4)
  4 adders
  4 worms
  A dart slug (D:2)
  7 orcs
  2 giant cockroaches
  4 goblins
  5 hobgoblins
  2 quokkas (D:4)
  7 bats
  5 frilled lizards
  9 kobolds
  4 rats
59 creatures vanquished.

Vanquished Creatures (others)
  An iguana (D:4)
  2 orcs (D:4)
  A rat (D:3)
4 creatures vanquished.

Grand Total: 63 creatures vanquished

Notes
Turn   | Place    | Note
-------+----------+-------------------------------------------
     0 | D:1      | 15 the Hill Orc Fighter began the quest for the Orb.
     0 | D:1      | Reached XP level 1. HP: 19/19 MP: 1/1
   339 | D:1      | Reached XP level 2. HP: 26/27 MP: 2/2
   886 | D:2      | Reached XP level 3. HP: 24/33 MP: 3/3
  1010 | D:2      | Found a shadowy altar of Dithmenos.
  1145 | D:2      | Reached skill level 1 in Dodging
  1145 | D:2      | Reached skill level 1 in Stealth
  1177 | D:2      | Reached skill level 1 in Maces & Flails
  1239 | D:2      | Found a burning altar of Makhleb.
  1427 | D:3      | Became a worshipper of Beogh the Brigand
  1447 | D:3      | Reached skill level 4 in Fighting
  1447 | D:3      | Reached XP level 4. HP: 40/40 MP: 4/4
  1869 | D:4      | Reached XP level 5. HP: 33/47 MP: 5/5
  1870 | D:4      | Noticed Pikel
  1870 | D:4      | Noticed a slave
  1871 | D:4      | Noticed a slave
  1872 | D:4      | Noticed a slave
  1873 | D:4      | Noticed a slave
  1886 | D:4      | Killed Pikel
  1886 | D:4      | Reached skill level 5 in Fighting
  1886 | D:4      | Reached skill level 1 in Short Blades
  1886 | D:4      | Reached skill level 1 in Polearms
  1886 | D:4      | Reached skill level 1 in Spellcasting
  1886 | D:4      | Reached XP level 6. HP: 20/56 MP: 5/8
  1886 | D:4      | Reached XP level 7. HP: 22/61 MP: 5/9
  1919 | D:4      | Found an ornate altar of the Wu Jian Council.
  1991 | D:4      | Noticed a fire elemental
  1992 | D:4      | Found a stormy altar of Qazlal.
  1995 | D:4      | Noticed an air elemental
  1995 | D:4      | Noticed a water elemental
  2180 | D:4      | Found a staircase to the Ecumenical Temple.
  2357 | D:4      | Slain by a killer bee

Vault maps used:
D:1:      minmay_arrival_loop
D:2:      nicolae_overflow_crystal_walls, lemuel_crystal_altar
D:3:      serial_bayou_ford_a
D:4:      cheibrodos_barr_body, lemuel_coloured_pillars_altar,
          lemuel_round_altar, lemuel_round_altar,
          nicolae_qazlal_style_of_elements, temple_fountains,
          kennysheep_minor_cross, uniq_pikel

Skill      XL: |  1  2  3  4  5 |
---------------+----------------+-----
Dodging        | 1 2 |  2.2
Stealth        | 1 2 |  2.3
Maces & Flails | 1 |  1.5
Fighting       | 4 5 |  5.1
Short Blades   | 1 |  1.9
Polearms       | 1 |  1.7
Armour         | 4 |  4.4
Shields        | 4 |  4.9
Spellcasting   | 1 |  1.4
Axes           | |  2.9

Action                   |  1- 3 |  4- 6 |  7- 9 || total
-------------------------+-------+-------+-------++-------
Melee: War axe           |    15 |       |       ||    15
       Mace              |    62 |       |       ||    62
       Spear             |    59 |       |       ||    59
       Dagger            |    17 |    38 |     2 ||    57
       Flail             |       |    13 |    26 ||    39
       Whip              |       |       |    15 ||    15
       Long sword        |       |       |     2 ||     2
Invok: Convert to Beogh  |     1 |       |       ||     1
  Use: Scroll            |     1 |     6 |     2 ||     9
       Potion            |       |     2 |     2 ||     4
 Stab: Sleeping          |       |     1 |       ||     1
  Eat: Chunk             |     2 |     1 |     2 ||     5
Armor: Scale mail        |    62 |     5 |       ||    67
       Leather armour    |       |    15 |    17 ||    32
Dodge: Dodged            |    53 |    16 |    30 ||    99
Block: Shield            |    69 |    29 |    32 ||   130
       Rpst.: Long sword |       |       |     1 ||     1

Table legend:
 A = Spawn XP
 B = Non-spawn XP
 C = Spawn XP percentage of total XP
 D = Spawn monster count
 E = Non-spawn monster count
 F = Spawn count percentage of total count
 G = Total turns spent on level
                    A         B        C        D         E        F      G
               +---------+---------+-------+---------+---------+-------+---------
         Total |       0 |     992 |   0.0 |       0 |      59 |   0.0 |  2357
               +---------+---------+-------+---------+---------+-------+---------
           D:1 |       0 |      23 |   0.0 |       0 |      16 |   0.0 |   799
           D:2 |       0 |      47 |   0.0 |       0 |      19 |   0.0 |   531
           D:3 |       0 |      24 |   0.0 |       0 |       8 |   0.0 |   382
           D:4 |       0 |     898 |   0.0 |       0 |      16 |   0.0 |   645
               +---------+---------+-------+---------+---------+-------+---------
